 Dungeon Crawl Stone Soup version 0.31-a0-1074-g0b22e4e0f1 (webtiles) character file.

Game seed: 9440535920137534001

25 croobank the Ruffian (level 3, -14/23 HPs)
             Began as an Octopode Shapeshifter on Dec 8, 2023.
             Was a Plaything of Xom.
             Demolished by an ogre
             ... wielding a +0 giant spiked club
              (37 damage)
             ... on level 2 of the Dungeon.
             The game lasted 00:01:53 (1167 turns).

croobank the Ruffian (Octopode Shapeshifter)        Turns: 1167, Time: 00:01:54

Health: -14/23     AC:  1    Str: 13    XL:     3   Next: 4%
Magic:  3/3        EV: 13    Int: 14    God:    Xom [..*...]
Gold:   89         SH:  0    Dex: 11    Spells: 2/2 levels left

rFire   . .          .
                       - Unarmed
rCold   . . .        (no shield)
rNeg    . . .        (helmet currently unavailable)
rPois   .            (no amulet)
rElec   .            (no ring)
rCorr   .            (no ring)
SInv    .            (no ring)
Will    .....        (no ring)
Stlth   ++           (no ring)
HPRegen 0.23/turn    (no ring)
MPRegen 0.08/turn    (no ring)
                     (no ring)

%: no passive effects
@: beast-form
A: beast (slay +1), almost no armour, amphibious, 8 rings, camouflage 1,
gelatinous body 1, (nimble swimmer 1), tentacles
a: Begin Untransformation, Renounce Religion


You were on level 2 of the Dungeon.
You worshipped Xom.
You were a toy of Xom.
You were a hulking beast.
You visited 1 branch of the dungeon, and saw 2 of its levels.

You collected 89 gold pieces.

Inventory:

Hand Weapons
 k - a +0 trident
Talismans
 b - a beast talisman
 c - a flux talisman
Scrolls
 e - a scroll of teleportation {unknown}
 f - 2 scrolls of fog {unknown}
 g - a scroll of poison {unknown}
 h - 2 scrolls of enchant weapon {unknown}
 l - a scroll of identify {unknown}
 m - a scroll of blinking {unknown}
 n - a scroll of silence {unknown}
Potions
 a - a potion of lignification
 d - a potion of degeneration {unknown}
 i - a potion of resistance {unknown}
 j - a potion of invisibility {unknown}


   Skills:
 + Level 1.6 Fighting
 + Level 2.3 Dodging
 + Level 3.3 Unarmed Combat
 + Level 3.2 Shapeshifting


You had 2 spell levels left.
You didn't know any spells.
Your spell library contained the following spells:

 Spells                   Type           Power      Damage    Failure   Level
 Lesser Beckoning         Tloc           0%         N/A       41%         2
 Sublimation of Blood     Necr           0%         N/A       41%         2
 Call Canine Familiar     Summ           0%         N/A       65%         3
 Gell's Gravitas          Tloc           0%         N/A       65%         3
 Sigil of Binding         Hex            0%         N/A       65%         3
 Teleport Other           Tloc           0%         N/A       65%         3
 Dimensional Bullseye     Hex/Tloc       0%         N/A       96%         4
 Leda's Liquefaction      Hex/Erth       0%         N/A       96%         4
 Petrify                  Tmut/Erth      0%         N/A       96%         4
 Irradiate                Conj/Tmut      0%         3d11      100%        5


Dungeon Overview and Level Annotations

Branches:
Dungeon (2/15)

Altars:
Xom

Shops:
D:1 :


Innate Abilities, Weirdness & Mutations

You are a hulking beast.
Your limbs bulge with bestial killing power. (Slay +1)
You cannot wear most types of armour.
You are amphibious.
You can wear up to eight rings at the same time.
Your skin changes colour to match your surroundings (Stealth+).
Your rubbery body absorbs attacks. (AC +1, EV +1)
((You are camouflaged when in or above water. (Stealth+)))
You have tentacles for arms and can constrict up to eight enemies at once.


Message History

You have reached level 3!
Your experience leads to an increase in your attributes!
Increase (S)trength, (I)ntelligence, or (D)exterity?
You feel clever. x2
You now have 89 gold pieces (gained 10).
Things that are here:
a +0 dagger; a goblin skeleton
There is a stone staircase leading down here.
Found an escape hatch in the floor.
You enter the shallow water.
You enter the shallow water.
A kobold comes into view. It is wielding a +0 short sword.
You tentacle-slap the kobold. Your grab misses the kobold.
The kobold is severely wounded.
The kobold hits you with a +0 short sword.
You tentacle-slap the kobold.
You kill the kobold!
There is an open door here.
You pick up a book of Alchemy and begin reading...
You add the spells Sublimation of Blood, Petrify and Irradiate to your library.
You see here a beast talisman.
A frilled lizard comes into view.
The frilled lizard hisses angrily.
You closely miss the frilled lizard. You grab the frilled lizard.
You squeeze the frilled lizard.
You kill the frilled lizard!
No target in view!
Found 4 stones.
You open the door.
An ogre comes into view. It is wielding a +0 giant spiked club.
Okay, then.
Okay, then.
Okay, then.
There is an open door here.
The ogre shouts! "Boo!"
The ogre hits you with a +0 giant spiked club!!!
Ouch! That really hurt!
You die...
Xom giggles madly!

#..+.....#..##
#..#.....#..#
#(.#.....#..# ##
##.......#..# #.
#.......#..###.
#####.......#....+.
..##.......#)..##.
#O##.......#...#.#
#h#..###+#.#...#<#
#.#.## #.#.##....#
#.#.# #..........
#'#.# #..........
#...# #...#...###
##### #..†#....##
#..........
#.#..##..##
#.#.####...


You could see an ogre.

Vanquished Creatures
  2 dart slugs (D:1)
  An endoplasm (D:2)
  3 hobgoblins
  2 jackals (D:1)
  3 bats
  2 frilled lizards
  3 goblins
  A kobold (D:2)
  3 rats
20 creatures vanquished.

Notes
Turn   | Place    | Note
-------+----------+-------------------------------------------
     0 | D:1      | croobank the Octopode Shapeshifter began the quest for the
                  | Orb.
     0 | D:1      | Reached XP level 1. HP: 13/13 MP: 1/1
    77 | D:1      | Reached XP level 2. HP: 18/18 MP: 2/2
   501 | D:1      | Found Cafrucs's Book Boutique.
   787 | D:2      | Found a faded altar of an unknown god.
   817 | D:2      | Prayed at the altar of an unknown god.
   817 | D:2      | Became a worshipper of Xom the Fickle
   925 | D:2      | Reached XP level 3. HP: 21/23 MP: 3/3
  1163 | D:2      | Noticed an ogre
  1167 | D:2      | XOM: noise
  1167 | D:2      | Demolished by an ogre

Illustrated notes

Levels and vault maps discovered:
D:1:      dpeg_arrival_pits, layout_loops_ring, serial_shops,
          nicolae_shop_pleasant_corner_grove, minmay_liquid_box
D:2:      layout_basic, ebering_ecumenical_altar_box, roderic_serpentine_path,
          kennysheep_nub, mrwooster_statue_mirror, minmay_misc_feat_columns,
          amethyst_killhole, palyth_stone_intersect,
          minmay_randomly_rotated_circles, uniq_robin

Action                     || total
---------------------------++-------
  Melee: Unarmed           ||    36
         Constrict         ||    11
         Tentacles         ||     7
   Stab: Sleeping          ||     3
 Armour: Skin              ||    14
  Dodge: Dodged            ||    15

Table legend: (Time is in decaauts)
 A = Elapsed time spent in this place.
 B = Non-inter-level travel time spent in this place.
 C = Inter-level travel time spent in this place.
 D = Time resting spent in this place.
 E = Time spent auto-exploring this place.
 F = Levels seen in this place.
 G = Mean time per level.
                   A        B        C        D        E       F      G
               +--------+--------+--------+--------+--------+-----+--------+
         Total |   1164 |   1144 |     20 |     18 |    948 |   2 |  582.0 |
       Dungeon |   1164 |   1144 |     20 |     18 |    948 |   2 |  582.0 |
               +--------+--------+--------+--------+--------+-----+--------+

Top non-repeatable levels by time:
     D:1: 610 daAuts
     D:2: 553 daAuts
